Map: Simulacrum LE

Players

BerryRAWR - Winner!

  • Race: Terran Terran
  • League: Master
  • Spawn Location: 5:00

Dancer

  • Race: Protoss Protoss
  • League: Master
  • Spawn Location: 11:00

VOD

Have the link to the VOD?

Description

Time

  • Played on: April 24, 2020, 3:11 a.m.
  • Length: 24:35
Show
View Real Time Build Order
Export as new Build Order

BerryRAWR Terran - Winner!

Build Orders: Reaper Expand 

Get SALT Encoding   

  12  0:01  SCV  
  13  0:13  SCV  
  14  0:17  Supply Depot  
  14  0:25  SCV  
  15  0:39  SCV  
  16  0:43  Barracks  
  16  0:47  Refinery  
  16  0:51  SCV  
  17  1:03  SCV  
  18  1:15  SCV  
  19  1:31  Reaper, Orbital Command  
  20  1:42  Command Center  
  20  1:56  Barracks  
  20  1:57  SCV  
  21  2:06  Barracks Reactor  
  21  2:18  Supply Depot  
  21  2:20  Bunker  
  21  2:22  SCV  
  22  2:28  Engineering Bay  
  22  2:34  SCV  
  23  2:40  Barracks  
  23  2:42  Barracks Tech Lab  
  23  2:46  SCV  
  23  2:48  Marine  
  25  2:58  SCV, Marine  
  27  3:01  Stimpack  
  27  3:02  Marine  
  28  3:10  Orbital Command  
  28  3:14  SCV  
  28  3:19  Terran Infantry Weapons Level 1  
  29  3:21  Marine  
  29  3:23  Marine  
  29  3:25  Marine  
  32  3:30  SCV  
  33  3:36  SCV  
  33  3:40  Barracks Tech Lab  
  34  3:42  Marine  
  34  3:43  Marine  
  34  3:47  SCV  
  34  3:48  SCV  
  38  3:50  Missile Turret  
  38  3:54  Missile Turret  
  38  3:55  Marine  
  39  3:58  Combat Shield  
  39  3:59  Refinery, Marine  
  39  4:01  SCV  
  41  4:05  SCV  
  42  4:15  Marine  
  42  4:17  Supply Depot  
  43  4:20  SCV x2  
  43  4:22  Supply Depot  
  45  4:25  Marine  
  45  4:29  Factory  
  46  4:38  SCV x2, Marine x3  
  51  4:40  Supply Depot  
  51  4:46  Supply Depot, Marine  
  51  4:48  Concussive Shells  
  52  4:53  SCV x2  
  52  4:56  Marauder  
  56  5:02  Marine  
  56  5:03  Marauder  
  56  5:04  Marine  
  56  5:05  SCV x2  
  62  5:14  Starport  
  62  5:17  SCV, Factory Reactor  
  62  5:18  SCV  
  62  5:19  Refinery  
  64  5:21  Supply Depot  
  64  5:22  Supply Depot  
  64  5:29  SCV  
  64  5:30  SCV  
  64  5:31  Marauder x2, Marine x2  
  72  5:42  Supply Depot  
  74  5:46  SCV  
  74  5:48  SCV  
  74  5:52  Missile Turret, Command Center  
  74  5:59  Marauder, Marine x2  
  74  6:04  Medivac  
  80  6:05  Medivac, Factory Reactor  
  80  6:08  SCV  
  80  6:09  SCV  
  84  6:13  Refinery  
  84  6:20  SCV, Barracks  
  84  6:21  Barracks  
  84  6:24  Marauder x2  
  88  6:25  Marine  
  88  6:27  Marine  
  88  6:29  SCV  
  92  6:32  SCV  
  92  6:36  Terran Infantry Armor Level 1  
  92  6:41  SCV  
  92  6:43  Marine  
  92  6:46  Marauder x2  
  99  6:47  SCV  
  99  6:52  Marine  
  99  6:53  SCV  
  101  6:57  Armory  
  101  6:59  SCV  
  102  7:02  Engineering Bay  
  102  7:05  SCV  
  102  7:07  Marauder x2  
  107  7:10  Widow Mine x2  
  107  7:11  Medivac  
  107  7:12  SCV  
  107  7:14  Medivac  
  116  7:19  SCV, Orbital Command  
  116  7:32  Widow Mine  
  110  7:38  Marauder x2, Widow Mine, Marine x2  
  110  7:41  Barracks Reactor  
  110  7:42  Barracks Tech Lab  
  98  7:53  Widow Mine  
  98  7:56  Marine x2  
  101  7:59  Widow Mine  
  101  8:00  Marauder x2  
  101  8:04  Marauder  
  102  8:06  SCV x3  
  105  8:13  Marine  
  105  8:14  Marine, Widow Mine  
  105  8:16  Terran Infantry Weapons Level 2  
  105  8:18  SCV  
  105  8:19  SCV  
  111  8:20  SCV  
  111  8:21  Refinery, Widow Mine  
  111  8:22  Refinery  
  116  8:27  Ghost Academy  
  116  8:29  Supply Depot x2  
  116  8:30  SCV, Supply Depot  
  117  8:36  SCV x2  
  117  8:37  Missile Turret, Command Center  
  116  8:43  Widow Mine  
  116  8:48  Widow Mine, Marine  
  116  8:50  Marauder x2, Marine x4  
  116  8:51  SCV  
  116  8:52  SCV  
  124  9:04  Widow Mine  
  124  9:06  Marine  
  124  9:09  Marauder, Widow Mine  
  125  9:10  Marine x3  
  125  9:11  SCV x2  
  125  9:12  Marauder  
  125  9:15  Terran Infantry Armor Level 2  
  125  9:16  Enhanced Shockwaves  
  132  9:19  Barracks x3  
  132  9:20  Terran Ship Weapons Level 1  
  132  9:24  SCV x3  
  134  9:25  Widow Mine  
  137  9:31  Supply Depot  
  137  9:33  Supply Depot  
  130  9:39  Marauder x2, Marine x4  
  138  9:46  Supply Depot  
  138  9:49  SCV x2  
  138  9:50  Supply Depot  
  138  9:52  Planetary Fortress  
  140  9:57  SCV  
  141  10:01  SCV  
  124  10:16  Widow Mine x2  
  124  10:17  Marine x2  
  124  10:18  Marauder x2, Marine  
  124  10:19  Marauder  
  124  10:20  Marine  
  130  10:24  SCV x3  
  130  10:26  Command Center  
  131  10:34  Barracks Reactor  
  131  10:35  Barracks Reactor, Marine  
  129  10:36  Barracks Tech Lab  
  129  10:37  Widow Mine x2, Barracks Tech Lab  
  129  10:39  Missile Turret, Marauder x2  
  129  10:40  Marauder, Refinery  
  129  10:42  Personal Cloaking  
  140  10:45  Medivac  
  140  10:49  Refinery  
  131  10:57  Marauder x2, Marine x4  
  144  11:08  Widow Mine x2  
  137  11:14  Marine x2  
  137  11:15  Marine x4  
  129  11:19  Marauder x2  
  129  11:20  Medivac x2  
  128  11:29  Unknown x3, Marauder x2, Widow Mine x2  
  128  11:30  Marauder  
  128  11:32  Marine x2  
  138  11:33  SCV x4, Marine  
  138  11:37  Marine  
  146  11:40  Marauder x2  
  146  11:42  Starport  
  146  11:43  Fusion Core  
  146  11:46  Command Center  
  148  11:50  Marauder  
  135  12:04  Medivac x2  
  135  12:05  Widow Mine  
  135  12:06  Marauder x4, Widow Mine, Marine x6  
  147  12:12  SCV x3, Marauder  
  147  12:13  SCV  
  153  12:24  SCV, Marine  
  153  12:25  Terran Infantry Weapons Level 3  
  153  12:27  Widow Mine x2  
  153  12:28  Marauder  
  161  12:30  Starport Reactor, Terran Infantry Armor Level 3  
  161  12:47  Marauder, Marine x6  
  177  13:02  Command Center  
  177  13:15  Missile Turret  
  173  13:23  Unknown x4, Widow Mine  
  142  13:37  Marauder x5, Marine x4  
  142  13:39  Widow Mine  
  142  13:40  Command Center  
  153  13:44  Widow Mine  
  137  13:53  Marine x2  
  137  13:54  Marine  
  120  13:56  Medivac x2  
  120  13:58  Marauder x2  
  120  13:59  Marauder x3  
  120  14:00  Widow Mine  
  120  14:01  Marine  
  134  14:03  Planetary Fortress  
  134  14:06  Widow Mine  
  134  14:07  Marine x2  
  124  14:11  Marine x2  
  124  14:12  Marine  
  127  14:17  Medivac x2  
  127  14:19  Marine  
  127  14:20  Marauder x5  
  127  14:22  Widow Mine  
  144  14:24  Marine x2  
  144  14:27  Widow Mine  
  144  14:28  Medivac  
  144  14:29  Medivac, Marine x2  
  144  14:30  Marine  
  155  14:33  Advanced Ballistics  
  155  14:35  Terran Ship Weapons Level 2  
  155  14:37  Marine  
  156  14:41  Marauder x3, Marine  
  156  14:43  Widow Mine  
  165  14:48  Widow Mine  
  165  14:49  SCV x3  
  165  14:50  SCV  
  177  14:56  Planetary Fortress  
  177  14:59  Missile Turret  
  180  15:04  Widow Mine  
  182  15:09  Viking x4  
  182  15:10  Widow Mine  
  182  15:12  Planetary Fortress  
  185  15:28  Marine x5  
  187  15:29  Marine  
  187  15:30  Unknown x2  
  189  15:39  Viking x4, Unknown x2, Marine  
  200  15:56  Unknown  
  200  15:58  Unknown  
  200  15:59  Unknown  
  200  16:00  Command Center  
  200  16:02  Refinery x2  
  184  16:09  Command Center  
  184  16:10  Unknown  
  136  16:28  Marauder, Marine  
  136  16:29  Marauder x2  
  136  16:31  Marauder x2, Marine x5  
  152  16:33  Liberator x4  
  152  16:39  Refinery x2  
  164  16:46  Marine  
  165  16:48  Marine x2  
  165  16:49  Marine x2  
  165  16:50  Marauder x2  
  165  16:52  Terran Ship Weapons Level 3  
  165  16:53  Marauder, Command Center, Marine x2  
  165  16:54  Marauder  
  179  17:04  Marine  
  179  17:06  Marine x3  
  179  17:07  Marine  
  184  17:11  Marauder x2, Marine  
  184  17:12  Marauder  
  184  17:15  Marauder  
  193  17:16  Command Center, Liberator x2  
  199  17:25  Orbital Command  
  199  17:28  Command Center  
  199  17:31  Nuke  
  199  17:34  Ghost Academy  
  199  17:45  Command Center, Missile Turret  
  171  18:30  Marine  
  171  18:31  Marauder x3, Liberator x2  
  163  18:34  Liberator  
  163  18:35  Liberator  
  163  18:36  Marauder x2, Marine x3  
  163  18:38  Widow Mine  
  163  18:39  Widow Mine  
  175  18:52  Marauder  
  167  19:09  Marauder x2, Marine x4  
  160  19:10  Widow Mine x2  
  160  19:12  Marine x2  
  160  19:13  Marauder  
  160  19:14  Marauder, Marine, Liberator  
  174  19:23  Liberator x3  
  180  19:26  Marine  
  180  19:27  Marine  
  180  19:30  Marauder x2  
  177  19:31  Planetary Fortress, Widow Mine  
  177  19:32  Marauder, Widow Mine  
  179  19:43  Marauder x2, Marine x3  
  186  19:52  Marauder  
  187  19:53  Widow Mine x2  
  187  19:55  Marauder x2  
  187  19:57  Liberator  
  196  20:05  Liberator  
  179  20:12  Marauder  
  179  20:13  Marine  
  179  20:14  Marauder x2  
  185  20:16  Marine, Widow Mine x2  
  190  20:29  Marine  
  190  20:30  Marauder x2  
  192  20:57  Liberator  
  192  21:00  Marine  
  192  21:01  Marauder  
  198  21:06  Command Center  
  191  21:13  Medivac x3  
  172  21:27  Marine  
  172  21:28  Marauder, Marine  
  176  21:40  Marine, Liberator  
  176  21:41  Marauder, Marine  
  176  21:42  Marauder x2, Marine x2  
  176  21:43  Orbital Command, Liberator x2  
  176  21:46  Orbital Command  
  195  21:51  Orbital Command  
  191  22:07  Medivac  
  193  22:23  Medivac, Marauder x2, Marine  
  184  22:43  Marine x3  
  184  22:44  Viking, Marauder x3, Marine x3  
  182  22:45  Viking, Marauder x2  
  171  22:59  Widow Mine  
  171  23:01  Marine x3  
  171  23:05  Marauder x3  
  178  23:10  Marauder  
  178  23:11  Marauder, Marine x3  
  178  23:19  Marine x3  
  168  23:26  Marauder x2  
  168  23:27  Marauder  
  168  23:28  Medivac  
  168  23:29  Marine x3, Widow Mine x2  
  168  23:31  Marauder  
  168  23:33  Marauder  
  181  23:37  Command Center  
  181  23:42  Refinery, Marine x3  
  181  23:43  Planetary Fortress  
  181  23:48  Marauder x3, Marine  
  190  23:50  Widow Mine  
  190  23:51  Widow Mine  
  190  23:52  Marauder  
  190  23:54  Marauder  
  198  23:57  Command Center  
Show
View Real Time Build Order
Export as new Build Order

Dancer Protoss 

Build Orders: 1 Gate Expand, Oracle Opening, Phoenix Opening 

Get SALT Encoding   

  12  0:01  Probe  
  13  0:13  Probe  
  14  0:18  Pylon  
  14  0:25  Probe  
  15  0:38  Probe (Chrono Boost)  
  15  0:39  Gateway  
  16  0:47  Probe (Chrono Boost)  
  16  0:49  Assimilator  
  17  0:53  Probe  
  18  1:05  Probe  
  19  1:24  Nexus  
  19  1:32  Cybernetics Core  
  19  1:35  Probe  
  20  1:47  Probe  
  20  1:49  Assimilator  
  21  1:55  Pylon  
  21  2:02  Probe  
  22  2:10  Stalker (Chrono Boost)  
  22  2:14  Probe, Warp Gate  
  24  2:33  Adept  
  24  2:35  Probe (Chrono Boost)  
  27  2:38  Probe (Chrono Boost)  
  28  2:47  Probe (Chrono Boost), Stargate  
  28  2:50  Probe (Chrono Boost)  
  30  2:53  Probe (Chrono Boost)  
  30  2:57  Probe (Chrono Boost)  
  30  3:01  Probe  
  32  3:09  Gateway  
  32  3:10  Gateway  
  32  3:13  Probe  
  32  3:19  Probe  
  34  3:22  Assimilator  
  34  3:24  Assimilator  
  34  3:28  Probe  
  34  3:29  Oracle (Chrono Boost)  
  34  3:31  Probe  
  39  3:40  Probe  
  40  3:45  Pylon  
  40  3:47  Probe  
  41  3:54  Probe  
  40  3:59  Probe, Phoenix (Chrono Boost)  
  43  4:04  Pylon  
  43  4:06  Adept  
  43  4:07  Sentry, Adept  
  49  4:13  Shield Battery  
  49  4:15  Probe  
  50  4:19  Phoenix (Chrono Boost)  
  50  4:22  Probe  
  53  4:27  Probe  
  54  4:34  Probe  
  55  4:39  Probe  
  55  4:41  Phoenix (Chrono Boost)  
  55  4:44  Sentry  
  60  4:46  Probe  
  60  4:51  Probe  
  62  5:07  Pylon  
  62  5:08  Shield Battery, Pylon  
  62  5:20  Twilight Council  
  62  5:21  Forge  
  62  5:24  Phoenix (Chrono Boost)  
  62  5:25  Probe x2  
  62  5:26  Gateway x2  
  66  5:34  Adept x2  
  70  5:38  Adept  
  72  5:44  Pylon, Phoenix (Chrono Boost)  
  72  5:48  Protoss Ground Weapons Level 1  
  74  5:52  Resonating Glaives (Chrono Boost)  
  74  5:57  Pylon  
  74  6:01  Adept x2  
  74  6:02  Sentry  
  80  6:04  Probe  
  80  6:11  Phoenix  
  83  6:30  Nexus  
  83  6:31  Pylon  
  83  6:34  Templar Archives  
  83  6:36  Probe  
  83  6:38  Pylon  
  84  6:40  Probe  
  58  6:47  Phoenix  
  87  6:59  Shield Battery  
  87  7:00  Adept x2  
  87  7:01  Shield Battery, Adept  
  93  7:02  Sentry  
  93  7:03  Sentry  
  93  7:06  Probe  
  93  7:07  Probe  
  99  7:19  Phoenix  
  101  7:26  Robotics Facility  
  101  7:32  Adept x4  
  107  7:43  Adept  
  99  7:45  Probe  
  99  7:50  Probe  
  101  7:55  Probe  
  101  7:57  Gateway, Psionic Storm  
  96  7:59  Phoenix, Gateway  
  96  8:00  Gateway  
  96  8:03  Probe, Gateway  
  96  8:04  Protoss Ground Weapons Level 2 (Chrono Boost)  
  95  8:17  Assimilator  
  95  8:19  Assimilator  
  95  8:22  Shield Battery, High Templar  
  95  8:24  High Templar  
  99  8:28  Photon Cannon  
  99  8:37  Shield Battery  
  99  8:40  Phoenix  
  101  8:44  Adept x3  
  103  8:56  Adept x3  
  97  9:03  Stalker  
  97  9:04  Stalker x2  
  97  9:10  Stalker  
  97  9:11  Stalker  
  101  9:17  Charge (Chrono Boost)  
  101  9:27  Probe  
  102  9:31  Pylon  
  102  9:33  Pylon  
  100  9:38  High Templar x2  
  100  9:39  Zealot x2, Adept  
  100  9:40  Adept  
  100  9:43  Probe x2  
  114  9:47  Warp Prism  
  116  9:56  High Templar  
  118  10:02  Photon Cannon  
  118  10:06  Photon Cannon  
  112  10:12  Archon, Adept x3  
  112  10:13  Stalker x2, Adept  
  88  10:23  Protoss Ground Weapons Level 3 (Chrono Boost)  
  88  10:24  Zealot x2  
  88  10:28  Probe  
  87  10:31  Zealot  
  87  10:32  Zealot  
  87  10:34  High Templar x2  
  95  10:38  Archon  
  95  10:40  Zealot x2  
  95  11:00  Zealot x5  
  95  11:12  High Templar x2  
  95  11:14  Zealot x2  
  101  11:24  Zealot x4  
  101  11:29  Nexus  
  101  11:34  High Templar  
  101  11:35  High Templar  
  101  11:36  Zealot  
  101  12:03  Zealot x4  
  101  12:04  Zealot  
  101  12:11  High Templar x2  
  101  12:16  High Templar x2  
  101  12:18  Pylon  
  101  12:22  Pylon  
  105  12:23  Robotics Bay  
  105  12:24  Assimilator  
  105  12:28  Assimilator  
  105  12:30  Warp Prism, Pylon  
  105  12:37  Probe x2  
  109  12:39  High Templar  
  109  12:40  Shield Battery  
  109  12:43  Shield Battery  
  111  12:45  High Templar x3  
  111  12:46  Zealot x2, High Templar  
  111  12:49  Archon  
  111  12:50  Archon  
  120  12:57  Zealot  
  120  12:58  Zealot  
  116  13:20  Zealot x4  
  116  13:21  Zealot, Colossus  
  116  13:24  Protoss Ground Armor Level 1 (Chrono Boost)  
  116  13:29  Zealot  
  116  13:30  Zealot x3  
  124  13:39  Extended Thermal Lance (Chrono Boost)  
  120  13:47  Blink  
  104  13:49  Archon  
  104  13:50  Archon  
  104  13:51  Zealot x4  
  104  13:52  Zealot x5  
  108  14:00  Probe x2  
  104  14:04  Photon Cannon  
  104  14:10  Probe  
  104  14:11  Probe  
  104  14:12  Probe  
  104  14:15  Colossus (Chrono Boost)  
  104  14:16  Robotics Facility  
  107  14:23  High Templar  
  115  14:24  High Templar x2  
  115  14:26  Zealot x2  
  115  14:28  High Templar x2  
  127  14:33  Probe  
  128  14:49  Stalker x2, Zealot x2  
  134  14:55  Photon Cannon  
  134  14:57  High Templar  
  134  14:58  High Templar  
  134  14:59  Zealot  
  140  15:00  Colossus (Chrono Boost)  
  146  15:09  Colossus (Chrono Boost)  
  152  15:15  High Templar  
  152  15:16  High Templar  
  152  15:17  Zealot  
  152  15:20  Archon  
  152  15:21  Zealot x2  
  158  15:40  Zealot  
  158  15:41  Zealot x4  
  168  15:43  Dark Shrine  
  168  15:46  Zealot x2  
  172  15:52  Protoss Ground Armor Level 2 (Chrono Boost)  
  172  15:56  Observer x2  
  170  15:59  Pylon  
  170  16:01  Pylon  
  170  16:03  Pylon  
  162  16:15  Archon x2  
  114  16:27  High Templar x2  
  114  16:28  Zealot x3  
  114  16:29  Zealot x2  
  118  16:36  Zealot x2  
  128  16:40  Colossus (Chrono Boost)  
  128  16:46  Colossus (Chrono Boost)  
  128  16:48  Nexus  
  134  16:58  Pylon  
  134  17:01  Pylon  
  134  17:04  Zealot x3  
  134  17:05  Stalker, Assimilator  
  134  17:07  Assimilator  
  142  17:11  Pylon  
  142  17:16  High Templar  
  142  17:17  High Templar  
  142  17:19  High Templar  
  148  17:31  Photon Cannon  
  148  17:32  Zealot, Photon Cannon  
  148  17:33  Zealot x3  
  148  17:34  Shield Battery, High Templar  
  148  17:35  Shield Battery  
  148  17:36  High Templar  
  160  18:02  Stalker x5  
  160  18:03  Stalker  
  171  18:06  Protoss Ground Armor Level 3 (Chrono Boost)  
  171  18:07  Stalker  
  109  18:31  Zealot x2  
  109  18:32  Zealot x3  
  109  18:34  Zealot x4  
  113  18:37  Archon  
  113  18:39  Colossus x2  
  127  18:53  Zealot x3  
  133  18:56  Zealot x3  
  123  19:09  Zealot x3  
  105  19:19  Zealot x3  
  105  19:20  Zealot x3  
  111  19:30  Zealot  
  111  19:31  Zealot x2  
  105  19:41  Stalker x3  
  107  19:55  Stalker  
  107  19:56  Stalker x4  
  107  19:58  Stalker  
  91  20:07  Zealot x3  
  91  20:11  Colossus  
  91  20:12  Colossus  
  107  20:21  High Templar x4  
  112  20:26  Zealot, Nexus  
  116  20:34  Stalker x2  
  120  20:38  Archon  
  110  20:58  Stalker x3  
  114  21:16  Stalker  
  112  21:28  Stalker  
  112  21:40  Stalker  
  112  21:42  Zealot x2  
  112  21:43  Zealot x4  
  126  21:48  Stalker  
  126  21:54  Zealot  
  130  22:11  Pylon  
  130  22:16  Assimilator  
  130  22:19  Assimilator  
  130  22:22  Pylon  
  130  22:23  Stalker x2, Zealot x2  
  116  22:57  Stalker x6  
  118  23:07  Archon  
  82  23:30  Zealot x3  
  82  23:31  Zealot x6  
  100  23:54  Zealot  
  100  23:55  Stalker x4, Zealot x2  
  104  23:57  Stalker, Zealot  
  92  24:17  Pylon  
  90  24:21  High Templar x2  
  90  24:22  Zealot x6  
  90  24:23  Zealot  
Tags
 
Add a new tag
Caveats
  • Supply blocks, unpowered buildings, or Contaminate may cause inaccurate times.
  • Supply counts are checked every 10 seconds.